 Dungeon Crawl Stone Soup version 0.31-a0-819-gf6de2f5ab6 (webtiles) character file.

Game seed: 8842375597821927878

137 qw the Shooter (level 5, -1/32 HPs)
             Began as a Gargoyle Hunter on Sept 23, 2023.
             Was an Initiate of Okawaru.
             Slain by a hornet (7 damage)
             ... on level 4 of the Dungeon.
             The game lasted 00:00:46 (2341 turns).

qw the Shooter (Gargoyle Hunter)                    Turns: 2341, Time: 00:00:46

Health: -1/32      AC: 11    Str: 14    XL:     5   Next: 20%
Magic:  5/5        EV: 16    Int: 10    God:    Okawaru [......]
Gold:   13         SH:  0    Dex: 21    Spells: 4/4 levels left

rFire   . . .        Y - +1 shortbow
rCold   . . .        (shield currently unavailable)
rNeg    + . .        b - +0 ring mail
rPois   inf          g - +0 helmet
rElec   +            (no cloak)
rCorr   .            e - +0 pair of gloves
SInv    .            (no boots)
Will    .....        f - amulet of regeneration
Stlth   +            j - +6 ring of dexterity
HPRegen 1.05/turn    k - +5 ring of evasion
MPRegen 0.09/turn

%: no passive effects
@: no status effects
A: sickness immunity, AC +4, negative energy resistance 1, electricity
resistance, torment resistance 1, petrification resistance
a: Renounce Religion


You were on level 4 of the Dungeon.
You worshipped Okawaru.
Okawaru was noncommittal.
You visited 1 branch of the dungeon, and saw 4 of its levels.

You collected 124 gold pieces.
You spent 111 gold pieces at shops.


Innate Abilities, Weirdness & Mutations

You are immune to sickness and miasma.
Your stone body is resilient. (AC +4)
You are immune to poison.
You resist negative energy. (rN+)
You are resistant to electric shocks. (rElec)
You are resistant to unholy torment.
You are immune to petrification.


   Skills:
 - Level 3.0 Fighting
 + Level 5.6 Ranged Weapons
 - Level 1.9 Armour
 - Level 1.5 Dodging
 - Level 1.1 Stealth


You had 4 spell levels left.
You didn't know any spells.
Your spell library was empty.

Inventory:

Hand Weapons
 Y - a +1 shortbow (weapon)
Armour
 b - a +0 ring mail (worn)
 e - a +0 pair of gloves (worn)
 g - a +0 helmet (worn)
Jewellery
 f - an amulet of regeneration (around neck)
 j - a +6 ring of dexterity (left hand)
 k - a +5 ring of evasion (right hand)
Scrolls
 c - 2 scrolls of identify
Potions
 a - a potion of cancellation
 d - 2 potions of enlightenment
 h - a potion of curing
 m - a potion of heal wounds

Dungeon Overview and Level Annotations

Branches:
Dungeon (4/15)
 Temple: D:4-7

Altars:
Kikubaaqudgha
Makhleb
Okawaru
Ru
Sif Muna
Vehumet

Shops:
D:3 *:[:*


Message History

The hornet is moderately wounded.
The hornet barely misses you. x2
You shoot an arrow. The arrow hits the hornet.
The hornet is heavily wounded.
The hornet misses you. The hornet barely misses you.
You shoot an arrow. The arrow barely misses the hornet.
The hornet stings you.
You shoot an arrow.
The arrow hits the hornet but does no damage.
The hornet is heavily wounded.
The hornet stings you but does no damage. x2
You shoot an arrow.
The arrow hits the hornet but does no damage.
The hornet is heavily wounded.
The hornet stings you but does no damage.
The hornet stings you.
You shoot an arrow.
The arrow hits the hornet but does no damage.
The hornet is heavily wounded.
The hornet stings you.
The hornet stings you but does no damage.
You shoot an arrow.
The arrow hits the hornet but does no damage.
The hornet is heavily wounded.
The hornet barely misses you. The hornet closely misses you.
You shoot an arrow. The arrow hits the hornet.
The hornet is severely wounded.
The hornet misses you.
You shoot an arrow. The arrow closely misses the hornet.
The hornet barely misses you. The hornet closely misses you.
You shoot an arrow.
The arrow hits the hornet but does no damage.
The hornet is severely wounded.
The hornet misses you. The hornet stings you.
You shoot an arrow. The arrow misses the hornet.
The hornet stings you! The hornet barely misses you.
You shoot an arrow. The arrow hits the hornet!
The hornet is almost dead.
The hornet stings you! x2
You die...

#. #. .. #.###.#.#
#........
#.......##
#........ #......
#....y#####
#..@....########
#.....###........#
#.###.# #.......<#
# #.. #.....<..#
#.. #........#
...##........#
.............#
##+####......#
########


You could see a hornet.

Vanquished Creatures
  An orc wizard (D:3)
  6 adders
  3 dart slugs
  4 orcs (D:3)
  2 ball pythons
  4 bats
  3 endoplasms
  9 goblins
  7 hobgoblins
  2 quokkas
  A frilled lizard (D:3)
  4 kobolds
  3 rats (D:2)
49 creatures vanquished.

Notes
Turn   | Place    | Note
-------+----------+-------------------------------------------
     0 | D:1      | qw the Gargoyle Hunter began the quest for the Orb.
     0 | D:1      | Reached XP level 1. HP: 12/12 MP: 1/1
     0 | D:1      | 0 ||| qw: Version: 0.3-a-83-gcd0e7d8
     0 | D:1      | 0 ||| qw: Game counter: 1748
     0 | D:1      | 0 ||| qw: Melee chars always use a shield: true
     0 | D:1      | 0 ||| qw: God list: Okawaru
     0 | D:1      | 0 ||| qw: Allow faded altars: false
     0 | D:1      | 0 ||| qw: Do Orc after clearing Dungeon:15 true
     0 | D:1      | 0 ||| qw: Do second Lair branch before Depths: true
     0 | D:1      | 0 ||| qw: Lair rune preference: random
     0 | D:1      | 0 ||| qw: Goals: Normal
     0 | D:1      | 0 ||| PLANNING D:1-11
    85 | D:1      | Reached XP level 2. HP: 17/17 MP: 2/2
   745 | D:1      | 745 ||| UPGRADING to +0 pair of gloves.
   750 | D:1      | 750 ||| UPGRADING to +0 helmet.
   755 | D:1      | 755 ||| UPGRADING to amulet of regeneration.
   760 | D:1      | 760 ||| UPGRADING to +6 ring of dexterity.
   761 | D:1      | 761 ||| READING scroll labelled YSACIO HEFFO.
   762 | D:1      | 762 ||| DRINKING 3 puce potions.
   763 | D:1      | 763 ||| DROPPING scroll of butterflies.
   965 | D:2      | Reached skill level 5 in Ranged Weapons
   965 | D:2      | Reached XP level 3. HP: 19/21 MP: 3/3
  1284 | D:2      | Reached skill level 3 in Fighting
  1460 | D:2      | 1460 ||| UPGRADING to +0 ring mail.
  1470 | D:2      | 1470 ||| DROPPING +0 leather armour.
  1471 | D:2      | 1471 ||| UPGRADING to +5 ring of evasion.
  1472 | D:2      | 1472 ||| READING scroll labelled AZOODU GOW NUC.
  1477 | D:2      | 1477 ||| READING scroll labelled UCZIETRU QANO.
  1478 | D:2      | 1478 ||| DRINKING 2 blue potions.
  1513 | D:3      | Reached XP level 4. HP: 28/28 MP: 4/4
  1517 | D:3      | Found an ancient bone altar of Kikubaaqudgha.
  1586 | D:3      | Found a shimmering blue altar of Sif Muna.
  1629 | D:3      | Found Pistief's Armour Shoppe.
  1639 | D:3      | 1639 ||| SHOPLISTING +1 pair of gloves of dexterity (214
                  | gold, have 83).
  1658 | D:3      | Reached skill level 1 in Armour
  1684 | D:3      | Found Puppeh's Book Boutique.
  1837 | D:3      | Found a radiant altar of Vehumet.
  1855 | D:3      | Found Qism's General Store.
  1861 | D:3      | 1861 ||| SHOPLISTING +8 shortbow of the Lame Duck {freeze,
                  | rCorr} (754 gold, have 124).
  1861 | D:3      | 1861 ||| BUYING potion of heal wounds (65 gold).
  1861 | D:3      | Bought a potion of heal wounds for 65 gold pieces
  1861 | D:3      | 1861 ||| BUYING scroll of identify (26 gold).
  1861 | D:3      | Bought a scroll of identify for 26 gold pieces
  2046 | D:3      | Found an iron altar of Okawaru.
  2047 | D:3      | 2047 ||| PLANNING OKAWARU WORSHIP
  2047 | D:3      | 2047 ||| READING scroll labelled MOOMON DIONI.
  2048 | D:3      | 2048 ||| READING scroll labelled HUR HYFULO.
  2049 | D:3      | 2049 ||| DRINKING 2 brown potions.
  2057 | D:3      | Became a worshipper of Warmaster Okawaru
  2058 | D:3      | 2058 ||| PLANNING D:1-11
  2100 | D:3      | Reached XP level 5. HP: 32/32 MP: 5/5
  2107 | D:3      | Found Ruum's Book Boutique.
  2213 | D:3      | Found Lomuethru's Assorted Antiques.
  2221 | D:3      | 2221 ||| SHOPLISTING diamond ring (115 gold, have 33).
  2221 | D:3      | 2221 ||| SHOPLISTING embroidered cloak (172 gold, have 33).
  2221 | D:3      | 2221 ||| BUYING fuming sapphire potion (20 gold).
  2221 | D:3      | Bought a fuming sapphire potion for 20 gold pieces
  2221 | D:3      | 2221 ||| SHOPLISTING fuming white potion (20 gold, have
                  | 13).
  2221 | D:3      | 2221 ||| SHOPLISTING scroll labelled ZIUCWYS GUAD (23 gold,
                  | have 13).
  2221 | D:3      | 2221 ||| SHOPLISTING thick bone amulet (115 gold, have 13).
  2280 | D:3      | Found a sacrificial altar of Ru.
  2280 | D:3      | Found a burning altar of Makhleb.
  2290 | D:3      | 2290 ||| READING scroll labelled WEONGI YDOCES.
  2291 | D:3      | 2291 ||| READING 3 scrolls of identify.
  2291 | D:3      | 2291 ||| IDENTIFYING fuming sapphire potion
  2292 | D:3      | 2292 ||| DROPPING potion of attraction.
  2324 | D:4      | Noticed a hornet
  2341 | D:4      | HP: 6/32 [hornet (12)]
  2341 | D:4      | Slain by a hornet

Levels and vault maps discovered:
D:1:      dpeg_arrival_tiny_c, layout_basic, minmay_stone_trees_small,
          minmay_misc_feat_chi, corner_web_ring
D:2:      layout_loops_cross, grunt_ministairs_6, serial_bayou_lagoon_b
D:3:      layout_loops_cross, nicolae_sif_muna_little_library,
          kennysheep_okawaru_gauntlet, nicolae_vehumet_altar_sigil,
          marbit_many_paths, amethyst_overflow_temple_binary, serial_shops,
          shop, shop, shop, nicolae_shop_gibbet_a_chance, shop,
          nicolae_figureground_sparkle
D:4:      nicolae_cairo_tiling_very_big, layout_loops_cross

Skill      XL: |  1  2  3  4 |
---------------+-------------+-----
Ranged Weapons | 5 |  5.6
Fighting       | 3 |  3.0
Armour         | 1 |  1.9
Dodging        | |  1.5
Stealth        | |  1.1

Action                     |  1- 3 |  4- 6 || total
---------------------------+-------+-------++-------
   Fire: Shortbow          |    82 |    77 ||   159
    Use: Scroll            |     3 |     4 ||     7
         Potion            |     2 |     1 ||     3
 Armour: Leather armour    |    25 |       ||    25
         Ring mail         |       |    26 ||    26
  Dodge: Dodged            |    17 |    36 ||    53

Table legend:
 A = Non-vault XP
 B = Vault XP
 C = Vault XP percentage of total XP
 D = Non-vault monster count
 E = Vault monster count
 F = Vault count percentage of total count
                 A         B        C        D         E       F
            +---------+---------+-------+---------+---------+-------
      Total |     188 |       8 |   4.1 |      44 |       5 |  10.2
            +---------+---------+-------+---------+---------+-------
        D:1 |      18 |       0 |   0.0 |       8 |       0 |   0.0
        D:2 |      60 |       3 |   4.8 |      14 |       2 |  12.5
        D:3 |     108 |       5 |   4.4 |      21 |       3 |  12.5
        D:4 |       2 |       0 |   0.0 |       1 |       0 |   0.0
            +---------+---------+-------+---------+---------+-------
